 Dungeon Crawl Stone Soup version 0.28.0-53-g5a82cb258f (webtiles) character file.

Game seed: 4640176860206389528

42 Sin92 the Magician (level 3, -5/24 HPs)
             Began as a Demonspawn Hedge Wizard on July 29, 2022.
             Slain by Natasha (8 damage)
             ... on level 2 of the Dungeon.
             The game lasted 00:01:36 (1769 turns).

Sin92 the Magician (Demonspawn Hedge Wizard)        Turns: 1769, Time: 00:01:36

Health: -5/24      AC:  2    Str: 10    XL:     3   Next: 35%
Magic:  2/7        EV: 12    Int: 17    God:
Gold:   51         SH:  0    Dex: 14    Spells: 7/8 levels left

rFire   . . .      SeeInvis .   a - +0 dagger
rCold   . . .      Faith    .   (no shield)
rNeg    . . .      Spirit   .   b - +0 robe
rPois   .          Reflect  .   c - +0 hat
rElec   .          Harm     .   (no cloak)
rCorr   .          Rampage  .   (no gloves)
Will    .....                   (no boots)
Stlth   ++........              (no amulet)
HPRegen 0.08/turn               (no ring)
MPRegen 0.10/turn               (no ring)

@: no status effects
A: big brain 1
a: no special abilities


You were on level 2 of the Dungeon.
You visited 1 branch of the dungeon, and saw 2 of its levels.

You collected 51 gold pieces.

Inventory:

Hand Weapons
 a - a +0 dagger (weapon)
Armour
 b - a +0 robe (worn)
 c - a +0 hat (worn)
Potions
 d - a potion of resistance {unknown}
 e - a potion of mutation {unknown}
 f - a potion of flight
 g - a potion of brilliance {unknown}
 h - a potion of degeneration {unknown}
 i - a potion of ambrosia {unknown}


   Skills:
 + Level 1.0 Short Blades
 + Level 2.0 Dodging
 + Level 2.2 Stealth
 + Level 3.2 Spellcasting
 + Level 1.5 Conjurations
 - Level 1.0 Summonings
 + Level 1.4 Translocations


You had 7 spell levels left.
You knew the following spells:

 Your Spells              Type           Power      Damage    Failure   Level
a - Magic Dart            Conj           32%        1d4       9%          1

Your spell library contained the following spells:

 Spells                   Type           Power      Damage    Failure   Level
 Blink                    Tloc           14%        N/A       14%         2
 Slow                     Hex            8%         N/A       17%         1
 Call Imp                 Summ           6%         N/A       17%         2
 Conjure Flame            Conj/Fire      5%         6-21      36%         3
 Mephitic Cloud           Conj/Pois/Air  4%         N/A       38%         3


Dungeon Overview and Level Annotations

Branches:
Dungeon (2/15)

Altars:

Annotations:
D:2 Natasha


Innate Abilities, Weirdness & Mutations

You have an unusually large brain. (Int +2)


Message History

You resist with significant effort. The endoplasm freezes you.
You are frozen.
You miss Natasha.
Natasha is lightly wounded.
The white imp gestures at you. The puff of frost misses you.
The puff of frost hits Natasha.
Natasha casts a spell.
The endoplasm freezes you.
You are frozen.
Unknown command.
You hit Natasha.
Natasha is heavily wounded.
The white imp misses you. Natasha barely misses you.
The endoplasm barely misses you.
You barely miss Natasha.
Natasha is heavily wounded.
The white imp hits you but does no damage.
Natasha misses you.
Unknown command.
You closely miss Natasha.
Natasha is heavily wounded.
The endoplasm barely misses you. The white imp hits you.
The white imp freezes you. Natasha closely misses you.
Unknown command.
You closely miss Natasha.
Natasha is heavily wounded.
The endoplasm barely misses you. The white imp hits you.
The white imp freezes you.
Natasha mewls in sadness.
Natasha mumbles some strange words.
Unknown command.
You miss Natasha.
Natasha is heavily wounded.
The endoplasm freezes you.
You are frozen.
The white imp hits you.
* * * LOW HITPOINT WARNING * * *
The white imp freezes you.
* * * LOW HITPOINT WARNING * * *
Natasha claws you!
You die...

+..#.. ...#. #........ #...#...)
#........ #......#5## #
#......#Jh#.# ######
#......##@#.# #(...#
#......##55.#.# #....#
#......'....#.# #....#
#......###..#.#.# .......
#....#####'#+####..#.#.#.#.......
####.'...............#.#.#.......
#.####.##.#####...#.#.#.......
#.'.................#.#.......
#.####..#...........#.#.......


You could see Natasha, a crimson imp (summoned), 2 white imps and an endoplasm.

Vanquished Creatures
  An adder (D:2)
  A dart slug (D:1)
  2 ball pythons (D:1)
  8 endoplasms
  4 giant cockroaches
  3 goblins (D:1)
  A hobgoblin (D:1)
  3 kobolds
  A frilled lizard (D:1)
  3 rats
27 creatures vanquished.

Notes
Turn   | Place    | Note
-------+----------+-------------------------------------------
     0 | D:1      | Sin92 the Demonspawn Hedge Wizard began the quest for the
                  | Orb.
     0 | D:1      | Reached XP level 1. HP: 13/13 MP: 4/4
   299 | D:1      | Reached skill level 1 in Translocations
   468 | D:1      | Gained mutation: You have an unusually large brain. (Int
                  | +2) [demonic ancestry]
   468 | D:1      | Reached XP level 2. HP: 19/19 MP: 3/6
  1464 | D:2      | Reached XP level 3. HP: 24/24 MP: 0/7
  1756 | D:2      | Noticed Natasha
  1761 | D:2      | Reached skill level 1 in Short Blades
  1769 | D:2      | Slain by Natasha

Illustrated notes

Levels and vault maps discovered:
D:1:      dpeg_arrival_central, layout_basic
D:2:      layout_basic, shapermc_ecumenical_altar_mp_highgroup,
          minmay_increasing_density, uniq_natasha

Skill      XL: |  1  2  3 |
---------------+----------+-----
Translocations | 1 |  1.4
Stealth        | 2 |  2.2
Dodging        | 2 |  2.0
Short Blades   | 1 |  1.0
Spellcasting   | |  3.2
Conjurations   | |  1.5
Summonings     | |  1.0

Action                   || total
-------------------------++-------
Melee: Dagger            ||    14
 Cast: Magic Dart        ||    76
  Use: Scroll            ||     2
Armor: Robe              ||     4
Dodge: Dodged            ||    19
